 Dungeon Crawl Stone Soup version 0.29-a0-817-g9904bce7a6 (webtiles) character file.

Game seed: 4919017539511675105

42 blackman the Sneak (level 3, -5/29 HPs)
             Began as a Human Delver on July 5, 2022.
             Was an Initiate of Trog.
             Slain by an orc
             ... wielding a +0 flail
              (8 damage)
             ... on level 3 of the Dungeon.
             The game lasted 00:02:32 (1047 turns).

blackman the Sneak (Human Delver)                   Turns: 1047, Time: 00:02:32

Health: -5/29      AC:  4    Str: 14    XL:     3   Next: 77%
Magic:  3/3        EV: 12    Int: 10    God:    Trog [......]
Gold:   35         SH:  0    Dex: 14    Spells: 2/2 levels left

rFire   . . .      SeeInvis .   a - +0 hand axe
rCold   . . .      Faith    .   (no shield)
rNeg    . . .      Spirit   .   b - +0 leather armour
rPois   .          Reflect  .   (no helmet)
rElec   .          Harm     .   (no cloak)
rCorr   .          Rampage  .   d - +0 pair of gloves
Will    .....                   (no boots)
Stlth   +++.......              (no amulet)
HPRegen 0.09/turn               (no ring)
MPRegen 0.08/turn               (no ring)

@: no status effects
A: no striking features
a: Renounce Religion


You were on level 3 of the Dungeon.
You worshipped Trog.
Trog was noncommittal.
You visited 2 branches of the dungeon, and saw 4 of its levels.

You collected 35 gold pieces.

Inventory:

Hand Weapons
 a - a +0 hand axe (weapon)
Armour
 b - a +0 leather armour (worn)
 d - a +0 pair of gloves (worn)
Wands
 g - a wand of digging (2)
Scrolls
 c - a scroll of fog
Potions
 f - a potion of invisibility {unknown}
 h - a potion of flight {unknown}
 i - a potion of heal wounds {unknown}


   Skills:
 - Level 3.0 Fighting
 + Level 3.8 Axes
 - Level 2.0 Dodging
 - Level 5.0 Stealth


You had 2 spell levels left.
You didn't know any spells.
Your spell library was empty.

Dungeon Overview and Level Annotations

Branches:
Dungeon (5/15)             Temple (1/1) D:4

Altars:
Ashenzari
Cheibriados
Elyvilon
Fedhas
Hepliaklqana
Makhleb
Nemelex Xobeh
Okawaru
Qazlal
Ru
Trog
Uskayaw
Vehumet
Yredelemnul
Zin

Annotations:
D:5 Sigmund


Message History

The orc is moderately wounded.
The orc closely misses you.
You hit the orc.
The orc is severely wounded.
The orc hits you with a +0 flail!
You are too injured to fight recklessly!
You are too injured to fight recklessly!
You are too injured to fight recklessly!
You are too injured to fight recklessly!
You are too injured to fight recklessly!
You hit the orc.
The orc is almost dead.
The orc hits you with a +0 flail. The orc closely misses you.
You completely miss the orc.
The orc is severely wounded.
The orc completely misses you.
You closely miss the orc.
The orc is severely wounded.
The orc barely misses you.
You hit the orc but do no damage.
The orc is severely wounded.
The orc barely misses you.
You barely miss the orc.
The orc is severely wounded.
The orc hits you with a +0 flail.
You closely miss the orc.
The orc is severely wounded.
The orc hits you with a +0 flail!
* * * LOW HITPOINT WARNING * * *
You barely miss the orc.
The orc is severely wounded.
The orc hits you with a +0 flail.
* * * LOW HITPOINT WARNING * * *
You hit the orc.
The orc is almost dead.
The orc barely misses you.
You barely miss the orc.
The orc is almost dead.
The orc hits you with a +0 flail!
You die...

#.## ...#
####..#
#.#.....#
#.......#
.######>.#
.........#
.##...##!#
#... #@#
#.. #o# #..
##.# ..
+..# ##.
#.>#
#..รท......
#.........
#.........
#.........


You could see an orc.

Vanquished Creatures
  A hound (D:4)
  4 orcs
  An endoplasm (D:4)
  A goblin (D:4)
  A ball python (D:4)
  A rat (D:3)
9 creatures vanquished.

Notes
Turn   | Place    | Note
-------+----------+-------------------------------------------
     0 | D:5      | blackman the Human Delver began the quest for the Orb.
     0 | D:5      | Reached XP level 1. HP: 18/18 MP: 1/1
     0 | D:5      | Noticed Sigmund
     8 | D:5      | Became a worshipper of Trog the Wrathful
    20 | D:5      | Noticed a scorpion
    40 | D:5      | Found a white marble altar of Elyvilon.
    64 | D:4      | Noticed an orc wizard
   117 | D:4      | Found a staircase to the Ecumenical Temple.
   117 | D:4      | Noticed a black bear
   128 | Temple   | Entered the Ecumenical Temple
   306 | D:4      | Noticed a hound
   318 | D:4      | Killed a hound
   319 | D:4      | Reached XP level 2. HP: 20/24 MP: 2/2
   319 | D:4      | Reached XP level 3. HP: 24/29 MP: 3/3
   345 | D:4      | Found a sacrificial altar of Ru.
  1047 | D:3      | Slain by an orc

Illustrated notes

Levels and vault maps discovered:
D:3:      layout_basic, mainiacjoe_overflow_swirl
D:4:      layout_loops_ring, nicolae_ru_path_of_blood,
          minmay_temple_entry_ruins, uniq_pikel
D:5:      layout_rooms, elyvilon_altar_1, old_standard_altar,
          nicolae_overflow_hidden_temple, gammafunk_ghost_nasty_kobolds,
          uniq_sigmund
Temple:   nicolae_temple_bog_church

Skill      XL: |  1 |
---------------+----+-----
Axes           | 3 |  3.8
Fighting       | |  3.0
Dodging        | |  2.0
Stealth        | |  5.0

Action                   || total
-------------------------++-------
Melee: Hand axe          ||    39
Evoke: Wand              ||     1
  Use: Scroll            ||     2
       Potion            ||     1
Armor: Leather armour    ||     5
Dodge: Dodged            ||    29

Table legend: (Time is in decaauts)
 A = Elapsed time spent in this place.
 B = Non-inter-level travel time spent in this place.
 C = Inter-level travel time spent in this place.
 D = Time resting spent in this place.
 E = Time spent auto-exploring this place.
 F = Levels seen in this place.
 G = Mean time per level.
                   A        B        C        D        E       F      G
               +--------+--------+--------+--------+--------+-----+--------+
         Total |   1038 |   1004 |     34 |    524 |    183 |   4 |  259.5 |
       Dungeon |    870 |    853 |     17 |    524 |     44 |   3 |  290.0 |
        Temple |    167 |    150 |     17 |      0 |    138 |   1 |  167.0 |
               +--------+--------+--------+--------+--------+-----+--------+

Top non-repeatable levels by time:
     D:5: 557 daAuts
     D:4: 278 daAuts
  Temple: 167 daAuts
     D:3: 34 daAuts
